 Dungeon Crawl Stone Soup version 0.31-a0-360-gb3e1d13bf4 (webtiles) character file.

Game seed: 6734297321370940353

30 spiderkeys the Ruffian (level 3, -1/23 HPs)
             Began as an Octopode Shapeshifter on July 27, 2023.
             Slain by a goblin
             ... wielding a +0 club
             ... led by Robin
              (3 damage)
             ... on level 2 of the Dungeon.
             The game lasted 00:02:08 (933 turns).

spiderkeys the Ruffian (Octopode Shapeshifter)       Turns: 933, Time: 00:02:09

Health: -1/23      AC:  1    Str: 14 (16) XL:     3   Next: 20%
Magic:  3/3        EV: 13    Int:  9 (10) God:
Gold:   75         SH:  0    Dex:  9 (12) Spells: 2/2 levels left

rFire   . .          .
                       - Unarmed
rCold   . . .        (no shield)
rNeg    . . .        (helmet currently unavailable)
rPois   .            (no amulet)
rElec   .            (no ring)
rCorr   .            (no ring)
SInv    .            (no ring)
Will    .....        (no ring)
Stlth   ++           (no ring)
HPRegen 0.23/turn    (no ring)
MPRegen 0.08/turn    (no ring)
                     (no ring)

%: no passive effects
@: beast-form
A: beast (slay +2), almost no armour, amphibious, 8 rings, camouflage 1,
gelatinous body 1, (nimble swimmer 1), tentacles
a: Begin Untransformation


You were on level 2 of the Dungeon.
You were a hulking beast.
You visited 1 branch of the dungeon, and saw 2 of its levels.

You collected 75 gold pieces.


Innate Abilities, Weirdness & Mutations

You are a hulking beast.
Your limbs bulge with bestial killing power. (Slay +2)
You cannot wear most types of armour.
You are amphibious.
You can wear up to eight rings at the same time.
Your skin changes colour to match your surroundings (Stealth+).
Your rubbery body absorbs attacks. (AC +1, EV +1)
((You are camouflaged when in or above water. (Stealth+)))
You have tentacles for arms and can constrict up to eight enemies at once.


   Skills:
 + Level 1.6 Fighting
 + Level 2.4 Dodging
 + Level 3.3 Unarmed Combat
 + Level 3.2 Shapeshifting


You had 2 spell levels left.
You didn't know any spells.
Your spell library was empty.

Inventory:

Missiles
 d - 13 stones
 e - 6 poisoned darts
Talismans
 b - a beast talisman
Potions
 a - 2 potions of lignification {!q}
 c - a potion of curing {unknown}
 f - a potion of attraction {unknown}
 g - 2 potions of mutation {unknown}
 i - a potion of degeneration {!q}

Dungeon Overview and Level Annotations

Branches:
Dungeon (2/15) Zot: 11068

Altars:

Shops:
D:1 ??

Annotations:
D:2 Robin

#.......#####.#
####.#####.......#
####.......##########
........#...[....
.###.#.....##....
...#.#...........
.....#..#..#.....
........g..#.....
....#...#h....... .##
#.#ggg.gg...$
#.#.##g###g.###
#...)$g[g..##
...###.##g#g# #. ...
g# # ###. .# #. .. #.
g#


You could see Robin, 5 hobgoblins and 3 goblins.


Message History

There is a stone staircase leading up here.
You now have 75 gold pieces (gained 15).
An endoplasm comes into view.
An endoplasm is nearby!
A quokka and a goblin come into view.
A goblin comes into view. It is wielding a +0 club.
The helpless endoplasm fails to defend itself.
You tentacle-slap the endoplasm but do no damage.
The endoplasm freezes you.
You are frozen. 😕 HP[-1]
You take 1 damage, and now have 22/23 hp.
You tentacle-slap the endoplasm. Your squeeze misses the endoplasm.
You tentacle-slap the endoplasm but do no damage.
The endoplasm hits you but does no damage.
You bludgeon the endoplasm!
You kill the endoplasm! 😎 HP[+1]
Your hp is fully restored (23).
You barely miss the goblin. Your grab misses the goblin.
The goblin closely misses you.
You bludgeon the goblin!
You kill the goblin!
No target in view!
No target in view!
No target in view!
No target in view!
A quokka and 2 hobgoblins come into view.
The hobgoblin shouts!
The goblin shouts!
You hear a shout! x3
You see here a +0 club.
A hobgoblin and a goblin come into view.
A goblin comes into view. It is wielding a +0 dagger.
The hobgoblin closely misses you.
The goblin moves out of view.
You see here a +0 leather armour.
You barely miss the hobgoblin. Your grab misses the hobgoblin.
You squeeze the hobgoblin.
You kill the hobgoblin!
The hobgoblin barely misses you.
The goblin unwields a +0 dagger.
The goblin wields a +0 sling.
The goblin shoots a sling bullet.
The sling bullet closely misses you.
You hear a shout!
You barely miss the hobgoblin. Your grab misses the hobgoblin.
You hear a shout! x3
The hobgoblin closely misses you. The quokka bites you. 😕 HP[-4]
You take 4 damage, and now have 19/23 hp.
You tentacle-slap the quokka.
You kill the quokka!
The hobgoblin hits you.
The goblin hits you with a +0 club. 😮 HP[-7]
You take 7 damage, and now have 12/23 hp.
MASSIVE DAMAGE!! (PAUSE)
The hobgoblin attacks as you move away! The hobgoblin closely misses you.
A goblin comes into view. It is wielding a +0 dagger.
You see here a +0 club.
You closely miss the hobgoblin.
The goblin shouts!
Your grab misses the hobgoblin. Your squeeze misses the hobgoblin.
The hobgoblin hits you.
* * * LOW HITPOINT WARNING * * *
😨 HP[-3]
You take 3 damage, and now have 9/23 hp.
Unknown command.
You tentacle-slap the hobgoblin but do no damage.
You grab the hobgoblin. You constrict the hobgoblin.
Robin of the Strong Arm comes into view.
They are wielding a +0 spear.
The hobgoblin struggles to escape constriction.
You release your grip on the hobgoblin.
The hobgoblin attacks as you move away!
The hobgoblin barely misses you. 😨 HP[+1]
You closely miss the hobgoblin. Your grab misses the hobgoblin.
Your squeeze misses the hobgoblin.
A hobgoblin comes into view.
Robin throws the goblin at you! The hobgoblin hits you.
* * * LOW HITPOINT WARNING * * *
A hobgoblin comes into view.
The goblin completely misses you. 😨 HP[-3]
You take 3 damage, and now have 7/23 hp.
Unknown command.
As you read the scroll labelled QEBALE VE QUEW, it crumbles to dust.
You hear a loud clanging noise!
It was a scroll of noise.
You hear a shout! x5
The hobgoblin barely misses you. The goblin completely misses you.
The goblin hits you with a +0 dagger.
* * * LOW HITPOINT WARNING * * *
😱 HP[-4]
You take 4 damage, and now have 3/23 hp.
It was a potion of degeneration.
There was something very wrong with that liquid.
You feel weakened.
You feel dopey.
You feel clumsy.
Robin roars a battlecry!
The goblins go into a battle-frenzy!
The hobgoblin hits you.
* * * LOW HITPOINT WARNING * * *
The goblin closely misses you.
A hobgoblin comes into view.
The goblin hits you with a +0 club.
You die...

Action                     || total
---------------------------++-------
  Melee: Unarmed           ||    52
         Tentacles         ||    14
         Constrict         ||    10
    Use: Scroll            ||     1
         Potion            ||     1
   Stab: Sleeping          ||     3
 Armour: Skin              ||    14
  Dodge: Dodged            ||    41

Levels and vault maps discovered:
D:1:      dpeg_arrival_boxes_within_box, layout_basic, serial_shops,
          nicolae_lakefront_shop, shop, shop, lemuel_flame_loot_1
D:2:      layout_loops_cross, serial_shops, nicolae_shop_window_shopping, shop,
          shop, shop, nicolae_shop_advertising_works
          [nicolae_subvault_shop_adworks], grunt_decor_cap, minmay_tromino_mix6,
          uniq_jessica, uniq_crazy_yiuf_cottage, uniq_robin

Notes
Turn   | Place    | Note
-------+----------+-------------------------------------------
     0 | D:1      | spiderkeys the Octopode Shapeshifter began the quest for
                  | the Orb.
     0 | D:1      | Reached XP level 1. HP: 13/13 MP: 1/1
     0 | D:1      | magus.rc [v1.11.6]
   167 | D:1      | Reached XP level 2. HP: 18/18 MP: 2/2
   286 | D:1      | Found Luciupaf's Magic Scroll Shoppe.
   289 | D:1      | Found Alay's Magic Scroll Emporium.
   700 | D:1      | Reached XP level 3. HP: 23/23 MP: 3/3
   928 | D:2      | Noticed Robin
   932 | D:2      | HP: 3/23 [goblin/+0 dagger[Robin] (4)]
   933 | D:2      | Slain by a goblin

Vanquished Creatures
  3 endoplasms
  A giant cockroach (D:1)
  3 hobgoblins
  A jackal (D:1)
  4 kobolds (D:1)
  4 quokkas
  3 bats (D:1)
  3 goblins
  4 rats (D:1)
26 creatures vanquished.

Vanquished Creatures (others)
  An endoplasm (D:1)
  A kobold (D:1)
2 creatures vanquished.

Grand Total: 28 creatures vanquished

Table legend:
 A = Non-vault XP
 B = Vault XP
 C = Vault XP percentage of total XP
 D = Non-vault monster count
 E = Vault monster count
 F = Vault count percentage of total count
                 A         B        C        D         E       F
            +---------+---------+-------+---------+---------+-------
      Total |      36 |       8 |  18.2 |      22 |       4 |  15.4
            +---------+---------+-------+---------+---------+-------
        D:1 |      36 |       0 |   0.0 |      22 |       0 |   0.0
        D:2 |       0 |       8 | 100.0 |       0 |       4 | 100.0
            +---------+---------+-------+---------+---------+-------

Action                     || total
---------------------------++-------
  Melee: Unarmed           ||    52
         Tentacles         ||    14
         Constrict         ||    10
    Use: Scroll            ||     1
         Potion            ||     1
   Stab: Sleeping          ||     3
 Armour: Skin              ||    14
  Dodge: Dodged            ||    41

Illustrated notes

Table legend:
 A = Kills in this place as a percentage of kills in the entire game.
 B = Kills by you in this place as a percentage of kills by you in the entire game.
 C = Kills by friends in this place as a percentage of kills by friends in the entire game.
 D = Other kills in this place as a percentage of other kills in the entire game.
 E = Experience gained in this place as a percentage of experience gained in the entire game.
 F = Experience gained in this place divided by the number of levels of this place that you have seen.
                   A       B       C       D       E      F
               +-------+-------+-------+-------+-------+----------------------
         Total | 100.0 | 100.0 |   N/A |   N/A | 100.0 |  22.0
       Dungeon | 100.0 | 100.0 |   N/A |   N/A | 100.0 |  22.0
               +-------+-------+-------+-------+-------+----------------------

Table legend: (Time is in decaauts)
 A = Elapsed time spent in this place.
 B = Non-inter-level travel time spent in this place.
 C = Inter-level travel time spent in this place.
 D = Time resting spent in this place.
 E = Time spent auto-exploring this place.
 F = Levels seen in this place.
 G = Mean time per level.
                   A        B        C        D        E       F      G
               +--------+--------+--------+--------+--------+-----+--------+
         Total |    930 |    846 |     84 |      0 |    672 |   2 |  465.0 |
       Dungeon |    930 |    846 |     84 |      0 |    672 |   2 |  465.0 |
               +--------+--------+--------+--------+--------+-----+--------+

Top non-repeatable levels by time:
     D:1: 885 daAuts
     D:2: 45 daAuts
